 Dungeon Crawl Stone Soup version 0.28.0 (webtiles) character file.

Game seed: 4539314647912544571

142 fiver49 the Cutter (level 5, -4/30 HPs)
             Began as a Kobold Warper on Feb 8, 2022.
             Was a Believer of Uskayaw.
             Killed from afar by an orc wizard (7 damage)
             ... with a puff of flame
             ... on level 4 of the Dungeon.
             The game lasted 00:11:48 (4826 turns).

fiver49 the Cutter (Kobold Warper)                  Turns: 4826, Time: 00:11:48

Health: -4/30      AC:  4    Str: 17    XL:     5   Next: 50%
Magic:  8/8        EV: 14    Int: 18    God:    Uskayaw [**....]
Gold:   101        SH:  0    Dex: 14    Spells: 8/8 levels left

rFire   . . .      SeeInvis .   a - +0 short sword
rCold   + . .      Faith    .   (no shield)
rNeg    . . .      Spirit   .   b - +0 leather armour
rPois   .          Reflect  .   (no helmet)
rElec   +          Harm     .   o - +0 cloak
rCorr   .          Rampage  .   (no gloves)
Will    .....                   (no boots)
Stlth   ++........              (no amulet)
HPRegen 0.10/turn               m - ring "Ranoa" {Contam rElec rC+ Str+6 Int+4}
MPRegen 0.11/turn               (no ring)

@: confused
A: small, no large weapons, nightstalker 3
a: Renounce Religion, Stomp, Line Pass


You were on level 4 of the Dungeon.
You worshipped Uskayaw.
Uskayaw was noncommittal.
You visited 1 branch of the dungeon, and saw 4 of its levels.

You collected 101 gold pieces.

Inventory:

Hand Weapons
 a - a +0 short sword (weapon)
Missiles
 d - 3 boomerangs of dispersal (quivered)
Armour
 b - a +0 leather armour (worn)
 o - a +0 cloak (worn)
   (You found it on level 2 of the Dungeon)
Jewellery
 m - the ring "Ranoa" (left hand) {Contam rElec rC+ Str+6 Int+4}
   (You found it on level 2 of the Dungeon)

   [ring of strength]

   Str:       It affects your strength (+6).
   Int:       It affects your intelligence (+4).
   rC:        It protects you from cold.
   rElec:     It insulates you from electricity.
   Contam:    It causes magical contamination when unequipped.
Scrolls
 c - a scroll of blinking
 f - a scroll of torment {unknown}
 g - a scroll of amnesia {unknown}
 i - a scroll of vulnerability {unknown}
 j - a scroll of identify {unknown}
 l - 2 scrolls of noise {unknown}
 n - a scroll of immolation {unknown}
 r - 2 scrolls of teleportation {unknown}
Potions
 e - a potion of heal wounds {unknown}
 h - a potion of attraction
 p - a potion of lignification {unknown}
 q - a potion of mutation {unknown}


   Skills:
 - Level 2.1 Fighting
 * Level 7.0 Short Blades
 - Level 1.1 Throwing
 - Level 0.7 Armour
 - Level 2.4 Dodging
 - Level 2.1 Spellcasting
 - Level 3.0 Translocations


You had 8 spell levels left.
You didn't know any spells.
Your spell library contained the following spells:

 Spells                   Type           Power      Damage    Failure   Level
 Blink                    Tloc           24%        N/A       10%         2
 Gell's Gravitas          Tloc           12%        N/A       19%         3
 Lesser Beckoning         Tloc           12%        N/A       19%         3
 Teleport Other           Tloc           12%        N/A       19%         3
 Ozocubu's Armour         Ice            1%         N/A       54%         3
 Manifold Assault         Tloc           12%        N/A       86%         5
 Metabolic Englaciation   Hex/Ice        0%         N/A       99%         5
 Simulacrum               Ice/Necr       0%         N/A       100%        6


Dungeon Overview and Level Annotations

Branches:
Dungeon (4/15)             Temple (0/1) D:4

Altars:
Ashenzari
Uskayaw

Annotations:
D:2 exclusion: quokka, Crazy Yiuf, Terence


Innate Abilities, Weirdness & Mutations

You are small and have problems with some larger weapons.
You are completely attuned to the shadows.


Message History

There is a stone staircase leading down here.
Found a staircase to the Ecumenical Temple.
There is a staircase to the Ecumenical Temple here.
There is a stone staircase leading down here.
You see here a +0 morningstar.
There is a stone staircase leading up here.
Found 28 bolts. 2 orc wizards come into view.
The orc wizard shouts! x2; You hear a shout!
An orc comes into view. It is wielding a +0 short sword.
The orc wizard casts a spell at you.
You are confused.
The orc shouts!
You hear a shout!
You bump into the rock wall.
The orc wizard gestures at you while chanting.
You resist with some effort.
An orc comes into view. It is wielding a +0 club.
The orc shouts!
You bump into the rock wall.
The orc wizard gestures at you while chanting.
The puff of flame hits you.
An orc comes into view. It is wielding a +0 hand axe.
You are too confused!
You are too confused!
You bump into the rock wall.
You feel less confused.
The orc wizard hits you with a +0 dagger.
You closely miss the orc wizard. Your punch misses the orc wizard.
The orc wizard hits you but does no damage.
You hit the orc wizard but do no damage.
The orc wizard gestures wildly while chanting.
The orc wizard flickers and vanishes!
Deactivating autopickup; reactivate with Ctrl-A.
The orc wizard gestures at you while chanting.
You resist with some effort.
You hit the orc wizard but do no damage.
The orc wizard hits you with a +0 dagger.
You barely miss the orc wizard.
The orc wizard hits you with a +0 dagger.
You hit the orc wizard.
The orc wizard is heavily wounded.
You hit the orc wizard.
The orc wizard is heavily wounded.
The orc wizard closely misses you.
You miss the orc wizard.
The orc wizard is heavily wounded.
The orc wizard hits you but does no damage.
You barely miss the orc wizard.
The orc wizard is heavily wounded.
The orc wizard barely misses you.
You hit the orc wizard but do no damage.
The orc wizard is heavily wounded.
You hit the orc wizard but do no damage.
The orc wizard is heavily wounded.
The orc wizard completely misses you.
You hit the orc wizard but do no damage.
The orc wizard is heavily wounded.
The orc wizard misses you.
You hit the orc wizard but do no damage.
The orc wizard is heavily wounded.
You closely miss the orc wizard.
The orc wizard is heavily wounded.
The orc wizard hits you with a +0 dagger.
You puncture the orc wizard!
You kill the orc wizard!
Your Short Blades skill increases to level 7!
You barely miss the orc. The orc hits you with a +0 club.
You barely miss the orc. You hit the orc.
The orc is heavily wounded.
The orc barely misses you.
You hit the orc.
The orc is heavily wounded.
The orc closely misses you.
You closely miss the orc.
The orc is heavily wounded.
The orc hits you with a +0 club.
You are too injured to fight recklessly!
You are too injured to fight recklessly!
You are too injured to fight recklessly!
You hit the orc.
You kill the orc!
You can now pass through a line of other dancers.
You closely miss something. You hit something. Your punch misses something.
Something hits you.
You hit something but do no damage.
You hear some strange, mumbled words.
A magic dart appears from out of thin air!
The magic dart hits you!
* * * LOW HITPOINT WARNING * * *
Aiming: Line Pass
Press: ? - help, Dir - move target
Okay, then.
You hear some strange, mumbled words.
You are confused.
Okay, then.
A puff of flame appears from out of thin air!
The puff of flame hits you!
You die...

###############
#.............#
..
#.###########.##
#o #.# #... #.
#.# ###.##
#)######.#######
#...#
#o{..@........#
#.#.##
#.######.......#
#(...# ##
#.####..###..#..
#.# #..##...#..
#.# #......###.
#.# ##.........
#.# #...#.....
#.# #..###..>..
#.# #....#.....


You could see an orc.

Vanquished Creatures
  An orc wizard (D:4)
  5 adders
  2 worms
  A dart slug (D:3)
  2 orcs
  8 endoplasms
  2 giant cockroaches (D:3)
  6 goblins
  5 hobgoblins
  2 jackals
  4 quokkas
  8 ball pythons
  7 bats
  5 frilled lizards (D:2)
  3 kobolds
  4 rats
65 creatures vanquished.

Notes
Turn   | Place    | Note
-------+----------+-------------------------------------------
     0 | D:1      | fiver49 the Kobold Warper began the quest for the Orb.
     0 | D:1      | Reached XP level 1. HP: 12/12 MP: 3/3
    50 | D:1      | Reached skill level 3 in Short Blades
    52 | D:1      | HP: 2/12 [frozen (2)]
   348 | D:1      | Found a faded altar of an unknown god.
   384 | D:1      | Reached XP level 2. HP: 17/17 MP: 5/5
   398 | D:1      | Prayed at the altar of an unknown god.
   398 | D:1      | Became a worshipper of Uskayaw the Reveller
   398 | D:1      | Reached * piety under Uskayaw
   669 | D:1      | Reached ** piety under Uskayaw
   706 | D:1      | Reached skill level 4 in Short Blades
   964 | D:1      | Reached XP level 3. HP: 20/21 MP: 6/6
  1514 | D:2      | HP: 4/21 [adder (2)]
  1518 | D:2      | HP: 1/21 [poisoned by an adder]
  1810 | D:2      | Reached skill level 5 in Short Blades
  2039 | D:2      | Reached XP level 4. HP: 26/26 MP: 7/7
  2077 | D:2      | Found a broken altar of Ashenzari.
  2381 | D:2      | Found a runed translucent door.
  2384 | D:2      | Noticed Crazy Yiuf
  2553 | D:2      | Identified the ring "Ranoa" {Contam rElec rC+ Str+6 Int+4}
  2816 | D:2      | Noticed Terence
  3596 | D:3      | Reached skill level 6 in Short Blades
  3850 | D:3      | Noticed a scorpion
  3989 | D:3      | Noticed an ogre
  4163 | D:3      | HP: 4/26 [poisoned by a scorpion]
  4164 | D:3      | HP: 1/26 [poisoned by a scorpion]
  4211 | D:2      | Reached XP level 5. HP: 10/30 MP: 8/8
  4672 | D:4      | Found a staircase to the Ecumenical Temple.
  4814 | D:4      | Reached skill level 7 in Short Blades
  4822 | D:4      | HP: 3/30 [something/magic dart (10)]
  4826 | D:4      | Killed from afar by an orc wizard

Illustrated notes

Levels and vault maps discovered:
D:1:      lemuel_arrival_cross, layout_basic,
          dreamdust_ecumenical_altar_angels_and_demons
D:2:      layout_loops_ring, basic_altar, uniq_crazy_yiuf_cottage, uniq_terence
D:3:      layout_loops_ring, chequers_temple_overflow_minitemple
D:4:      minmay_chambers_of_twos, layout_loops_ring, minmay_temple_entry_tees,
          st_stairs_9, nicolae_figureground_sparkle

Skill      XL: |  1  2  3  4  5 |
---------------+----------------+-----
Short Blades   | 3 4 5 6 7 |  7.0
Fighting       | |  2.1
Throwing       | |  1.1
Armour         | |  0.7
Dodging        | |  2.4
Spellcasting   | |  2.1
Translocations | |  3.0

Action                   |  1- 3 |  4- 6 || total
-------------------------+-------+-------++-------
Melee: Short sword       |    84 |   152 ||   236
Throw: Boomerang         |     1 |     1 ||     2
Invok: Stomp             |       |     1 ||     1
  Use: Potion            |       |     3 ||     3
 Stab: Sleeping          |    12 |    10 ||    22
Armor: Leather armour    |    21 |    20 ||    41
Dodge: Dodged            |    54 |    82 ||   136

Table legend: (Time is in decaauts)
 A = Elapsed time spent in this place.
 B = Non-inter-level travel time spent in this place.
 C = Inter-level travel time spent in this place.
 D = Time resting spent in this place.
 E = Time spent auto-exploring this place.
 F = Levels seen in this place.
 G = Mean time per level.
                   A        B        C        D        E       F      G
               +--------+--------+--------+--------+--------+-----+--------+
         Total |   4766 |   4471 |    295 |   1035 |   2200 |   4 | 1191.5 |
       Dungeon |   4766 |   4471 |    295 |   1035 |   2200 |   4 | 1191.5 |
               +--------+--------+--------+--------+--------+-----+--------+

Top non-repeatable levels by time:
     D:2: 1803 daAuts
     D:1: 1781 daAuts
     D:3: 812 daAuts
     D:4: 369 daAuts

Table legend:
 A = Kills in this place as a percentage of kills in entire the game.
 B = Kills by you in this place as a percentage of kills by you in the entire game.
 C = Kills by friends in this place as a percentage of kills by friends in the entire game.
 D = Other kills in this place as a percentage of other kills in the entire game.
 E = Experience gained in this place as a percentage of experience gained in the entire game.
 F = Experience gained in this place divided by the number of levels of this place that you have seen.
                   A       B       C       D       E      F
               +-------+-------+-------+-------+-------+----------------------
         Total | 100.0 | 100.0 |   N/A |   N/A | 100.0 |  51.0
       Dungeon | 100.0 | 100.0 |   N/A |   N/A | 100.0 |  51.0
               +-------+-------+-------+-------+-------+----------------------
